 Dungeon Crawl Stone Soup version 0.20.0-15-g7f486f2 (webtiles) character file.

485 Jannitor the Sneak (level 6, -1/48 HPs)
             Began as a Vampire Monk on June 23, 2017.
             Killed by divine providence
             ... invoked by an orc priest
              (15 damage)
             ... on level 3 of the Dungeon on June 25, 2017.
             The game lasted 00:08:47 (5665 turns).

Jannitor the Sneak (Vampire Monk)                   Turns: 5665, Time: 00:08:48

Health: -1/48      AC:  0    Str: 10    XL:     6   Next: 88%
Magic:  6/6        EV: 25    Int: 12    God:
Gold:   143        SH:  0    Dex: 24    Spells: 5/5 levels left

rFire    . . .     SeeInvis +     - Unarmed
rCold    + . .     Gourm    .   (shield currently unavailable)
rNeg     + + .     Faith    .   (armour currently unavailable)
rPois    +         Spirit   .   (helmet currently unavailable)
rElec    .         Reflect  .   (cloak currently unavailable)
rCorr    .         Harm     .   (gloves currently unavailable)
MR       .....                  (boots currently unavailable)
Stlth    ++++++....             (no amulet)
Regen    0.1/turn               (ring currently unavailable)
MPRegen  0.1/turn               (ring currently unavailable)

@: bat-form, flying, regenerating slowly, very quick
A: fangs 3, see invisible
a: End Transformation


You were on level 3 of the Dungeon.
You were thirsty.
You were in vampire-bat-form.
You visited 1 branch of the dungeon, and saw 4 of its levels.

You collected 143 gold pieces.

Inventory:

Armour
 a - a +0 robe (melded)
Wands
 i - a wand of iceblast (8/15)
 k - a wand of random effects (26/48)
Scrolls
 c - a scroll of teleportation {unknown}
 e - 2 scrolls of remove curse {unknown}
 f - a scroll of enchant weapon {unknown}
 h - a scroll of identify {unknown}
 m - a scroll of magic mapping {unknown}
Potions
 b - 8 potions of blood
 d - a potion of curing {unknown}
 g - 2 potions of might {unknown}
 j - a potion of cancellation {unknown}
 l - a potion of brilliance {unknown}
 n - a potion of ambrosia {unknown}


   Skills:
 + Level 4.1 Fighting
 + Level 4.8 Dodging
 + Level 6.7 Stealth
 + Level 5.2 Unarmed Combat


You had 5 spell levels left.
You didn't know any spells.

Dungeon Overview and Level Annotations

Branches:
Dungeon (4/15)
 Temple: D:4-7

Altars:
Nemelex Xobeh
Okawaru
Qazlal
The Shining One


Innate Abilities, Weirdness & Mutations

You heal slowly.
You have razor-sharp teeth.
You have supernaturally acute eyesight. (SInv)
((You can survive without breathing.))


Message History

The orc priest invokes the aid of Beogh against you.
Beogh smites you!
The orc priest shouts!
You fly upwards.
There is a stone staircase leading down here.
You hit the orc priest.
The orc priest is moderately wounded.
The orc priest closely misses you.
You hit the orc priest. Your bite misses the orc priest.
The orc priest is moderately wounded.
You hit the orc priest but do no damage.
The orc priest is moderately wounded.
The orc priest calls down the wrath of Beogh upon you.
Beogh smites you!
* * * LOW HITPOINT WARNING * * *
You hit the orc priest.
The orc priest is heavily wounded.
The orc priest calls down the wrath of Beogh upon you.
Beogh smites you!
You die...

###.#######.# #.#######
#.# .........)..# #.....#
#.# ###.#########
#########.#####.# # #.#
#..........)....# # #.#
##.#######)####### # #.#
#.......##.#
###.#########
#..####.##.#
..).........#
#o.####.##.#
###.#######.##
#b)#.......# #
#.######...###..#.##.####
# #...............#.##.#
# ######.#...#.#.......#
# #.##.##.####.#### #
#.##.##.# #.# ##.#.#.###
#.# ##......# #.#
#..###.# #.#


You could see an orc priest.

Vanquished Creatures
  An ogre (D:4)
  2 orc priests (D:3)
  An orc wizard (D:3)
  Jessica (D:2)
  Robin (D:2)
  8 gnolls (D:3)
  8 adders
  2 oozes
  A worm (D:3)
  2 dart slugs
  3 leopard geckos
  10 orcs (D:3)
  7 bats
  3 giant cockroaches (D:1)
  11 hobgoblins
  10 jackals
  9 kobolds
  2 quokkas
  A ball python (D:1)
  3 frilled lizards
  15 goblins
  12 rats
113 creatures vanquished.

Vanquished Creatures (others)
  A giant cockroach (D:3)
1 creature vanquished.

Grand Total: 114 creatures vanquished

Notes
Turn   | Place    | Note
-------+----------+-------------------------------------------
     0 | D:1      | Jannitor the Vampire Monk began the quest for the Orb.
     0 | D:1      | Reached XP level 1. HP: 17/17 MP: 1/1
    94 | D:1      | Reached XP level 2. HP: 21/23 MP: 2/2
   189 | D:1      | Found a glowing golden altar of the Shining One.
   397 | D:1      | Reached skill level 4 in Stealth
   397 | D:1      | Reached XP level 3. HP: 20/28 MP: 3/3
  1272 | D:2      | Reached XP level 4. HP: 23/35 MP: 4/4
  1692 | D:2      | Noticed Robin
  2247 | D:2      | Found an iron altar of Okawaru.
  2256 | D:2      | Found a sparkling altar of Nemelex Xobeh.
  2493 | D:2      | Killed Robin
  2720 | D:2      | Noticed Jessica
  2728 | D:2      | Killed Jessica
  2728 | D:2      | Reached skill level 5 in Stealth
  2728 | D:2      | Reached XP level 5. HP: 41/41 MP: 5/5
  4069 | D:3      | Found a stormy altar of Qazlal.
  4306 | D:3      | Reached XP level 6. HP: 38/48 MP: 6/6
  4496 | D:3      | Reached skill level 6 in Stealth
  4912 | D:3      | Reached skill level 5 in Unarmed Combat
  5665 | D:3      | Killed from afar by an orc priest

Skill      XL: |  1  2  3  4  5  6 |
---------------+-------------------+-----
Stealth        | 4 5 6 |  6.7
Fighting       | 3 4 |  4.1
Unarmed Combat | 4 5 |  5.2
Dodging        | 4 |  4.8

Action                   |  1- 3 |  4- 6 || total
-------------------------+-------+-------++-------
Melee: Unarmed           |   107 |   347 ||   454
       Bite              |     7 |    57 ||    64
       Punch             |     1 |       ||     1
 Abil: Bat Form          |     1 |       ||     1
  Use: Potion            |       |     7 ||     7
 Stab: Sleeping          |    13 |    19 ||    32
       Distracted        |       |     3 ||     3
Armor: Robe              |     9 |       ||     9
Dodge: Dodged            |    67 |   300 ||   367
